 Dungeon Crawl Stone Soup version 0.31-a0-177-g4aa6249778 (webtiles) character file.

Game seed: 14662299535389428716

2358 pokeman the Thaumaturge (level 9, -9/49 HPs)
             Began as a Deep Elf Hedge Wizard on June 19, 2023.
             Mangled by a boulder beetle (48 damage)
             ... on level 6 of the Dungeon.
             The game lasted 00:15:08 (7442 turns).

pokeman the Thaumaturge (Deep Elf Hedge Wizard)     Turns: 7442, Time: 00:15:08

Health: -9/49      AC:  5    Str:  7    XL:     9   Next: 20%
Magic:  13/26      EV: 13    Int: 24    God:
Gold:   433        SH:  0    Dex: 14    Spells: 21/30 levels left

rFire   + . .        v - +1 flail (venom)
rCold   + . .        (no shield)
rNeg    . . .        p - +1 robe {rC+ rF+}
rPois   .            b - +0 helmet
rElec   .            e - +0 cloak
rCorr   .            (no gloves)
SInv    .            (no boots)
Will    .....        n - amulet of the acrobat
Stlth   ++           (no ring)
HPRegen 0.28/turn    (no ring)
MPRegen 0.20/turn

%: acrobat
@: no status effects
A: no striking features
a: no special abilities


You were on level 6 of the Dungeon.
You visited 2 branches of the dungeon, and saw 7 of its levels.
You also visited: Sewer.

You collected 433 gold pieces.

Inventory:

Hand Weapons
 q - a +2 dagger of electrocution
 v - a +1 flail of venom (weapon)
Armour
 b - a +0 helmet (worn)
 e - a +0 cloak (worn)
 p - a +1 robe of resistance (worn)
Jewellery
 n - an amulet of the acrobat (around neck)
Wands
 c - a wand of charming (14)
 w - a wand of mindburst (9)
 A - a wand of roots (7)
Scrolls
 a - a scroll of silence {unknown}
 h - 6 scrolls of identify {unknown}
 i - 4 scrolls of teleportation {unknown}
 l - 2 scrolls of enchant weapon {unknown}
 o - a scroll of torment {unknown}
 t - a scroll of blinking {unknown}
 u - 3 scrolls of immolation {unknown}
 y - a scroll of revelation {unknown}
 B - a scroll of enchant armour {unknown}
Potions
 d - a potion of magic
 f - 2 potions of attraction {unknown}
 g - 3 potions of curing {unknown}
 j - 2 potions of might {unknown}
 k - 6 potions of lignification {unknown}
 m - 3 potions of ambrosia {unknown}
 r - a potion of brilliance {unknown}
 s - a potion of berserk rage {unknown}
 x - 4 potions of enlightenment {unknown}
 z - a potion of degeneration {unknown}


   Skills:
 + Level 2.5 Fighting
 - Level 3.0 Armour
 - Level 3.0 Dodging
 - Level 3.1 Stealth
 * Level 11.1 Spellcasting
 + Level 6.0 Conjurations
 - Level 1.1 Summonings
 - Level 1.1 Translocations
 + Level 5.2 Fire Magic
 - Level 1.0 Air Magic
 - Level 1.0 Poison Magic
 - Level 1.0 Evocations


You had 21 spell levels left.
You knew the following spells:

 Your Spells              Type           Power      Damage    Failure   Level
a - Magic Dart            Conj           100%       1d8       1%          1
b - Mephitic Cloud        Conj/Pois/Air  26%        N/A       4%          3
c - Call Imp              Summ           36%        N/A       4%          2
d - Blink                 Tloc           36%        N/A       4%          2
e - Foxfire               Conj/Fire      100%       2x1d9     1%          1

Your spell library contained the following spells:

 Spells                   Type           Power      Damage    Failure   Level
 Freeze                   Ice            52%        1d6       4%          1
 Slow                     Hex            52%        N/A       4%          1
 Hailstorm                Conj/Ice       27%        3d7       4%          3
 Cigotuvi's Dreadful Rot  Necr/Pois/Air  32%        N/A       5%          2
 Frozen Ramparts          Ice            26%        1d4       14%         3
 Ozocubu's Armour         Ice            13%        N/A       14%         3
 Ozocubu's Refrigeration  Ice            6%         4d8       100%        7


Dungeon Overview and Level Annotations

Branches:
Dungeon (6/15)             Temple (1/1) D:4           Sewer (visited)

Altars:
Ashenzari
Cheibriados
Dithmenos
Elyvilon
Fedhas
Hepliaklqana
Kikubaaqudgha
Makhleb
Okawaru
Qazlal
Ru
Xom
Zin
The Shining One

Shops:
D:3 (


Message History

The boulder beetle appears confused.
Unknown command.
Casting: Mephitic Cloud (dangerous; 4% risk of failure)
Confirm with . or Enter, or press ? or * to list all spells.
You conjure some foxfire!
Unknown command.
Casting: Foxfire (safe; 1% risk of failure)
Confirm with . or Enter, or press ? or * to list all spells.
You conjure some foxfire!
The foxfire hits the boulder beetle but does no damage.
The boulder beetle is engulfed in noxious fumes.
Unknown command.
Casting: Foxfire (safe; 1% risk of failure)
Confirm with . or Enter, or press ? or * to list all spells.
You conjure some foxfire!
The boulder beetle seems less confused.
The boulder beetle curls into a ball and begins rolling!
Unknown command.
The foxfire hits the boulder beetle but does no damage. x2
The foxfire hits the boulder beetle.
The boulder beetle is lightly wounded.
The foxfire hits the boulder beetle but does no damage.
The boulder beetle is lightly wounded.
The foxfire hits the boulder beetle but does no damage.
The boulder beetle is lightly wounded.
Casting: Foxfire (safe; 1% risk of failure)
Confirm with . or Enter, or press ? or * to list all spells.
Aiming: Mephitic Cloud (dangerous; 4% risk of failure)
Press: ? - help, Shift-Dir - straight line, f - boulder beetle
Aim: a boulder beetle (wisps of flame, lightly wounded, rolling, chance to affect: 43%) That beam is likely to hit you.
Continue anyway?
The ball explodes into a vile cloud!
The stinking cloud engulfs the boulder beetle but does no damage.
The boulder beetle is lightly wounded.
The stinking cloud engulfs you but does no damage.
The boulder beetle is engulfed in noxious fumes.
The boulder beetle appears confused.
The boulder beetle is engulfed in noxious fumes.
The boulder beetle appears confused.
The boulder beetle hits you!!!
Ouch! That really hurt!
You die...

#g# #.# #.# #.# #.#
#############.#
........§.....#
........☼°°...#
.......@○##.###
.######B###.#
#......#.# #.##..##.#
#. ###.##..##.# #.
#.......##.# #..
######.#...# ######..
#.####.#.#.#
#........#.##.....~##


You could see a boulder beetle (rolling, confused).

Vanquished Creatures
  Grinder (D:5)
  A wyvern (D:6)
  A water moccasin (D:5)
  2 ice beasts
  2 black bears (D:5)
  2 ogres
  A centaur (D:6)
  A phantom (D:5)
  A bullfrog (D:6)
  A gnoll sergeant (D:6)
  5 scorpions
  A wight (D:6)
  3 jellies
  4 hounds
  3 sleepcaps
  Ijyb (D:4)
  3 iguanas
  Robin (D:4)
  2 gnolls
  6 river rats (Sewer)
  10 adders
  2 shadow imps
  A white imp (D:6)
  2 worms
  The ghost of Esekla the Sneak, a weakling OpDe (D:5)
  4 dart slugs
  5 orcs (D:5)
  9 ball pythons
  4 bats
  9 endoplasms
  10 giant cockroaches
  15 goblins
  10 hobgoblins
  9 jackals
  5 kobolds
  5 quokkas
  8 frilled lizards
  14 rats
165 creatures vanquished.

Vanquished Creatures (collateral kills)
  An iguana (D:4)
  A foxfire (D:5)
2 creatures vanquished.

Vanquished Creatures (others)
  517 foxfires
517 creatures vanquished.

Grand Total: 684 creatures vanquished

Notes
Turn   | Place    | Note
-------+----------+-------------------------------------------
     0 | D:1      | pokeman the Deep Elf Hedge Wizard began the quest for the
                  | Orb.
     0 | D:1      | Reached XP level 1. HP: 10/10 MP: 7/7
   258 | D:1      | Reached XP level 2. HP: 15/15 MP: 7/9
   455 | D:1      | Reached skill level 5 in Spellcasting
   595 | D:1      | Reached XP level 3. HP: 17/20 MP: 6/11
   599 | D:1      | Learned a level 3 spell: Mephitic Cloud
   602 | D:1      | Learned a level 2 spell: Call Imp
   605 | D:1      | Learned a level 2 spell: Blink
  1393 | D:2      | Reached skill level 1 in Fighting
  1559 | D:2      | Reached skill level 1 in Armour
  1722 | D:2      | Found a shimmering altar of Xom.
  1894 | D:2      | Found a faded altar of an unknown god.
  1899 | D:2      | Got Plato's Compendium of Concussion
  1902 | D:2      | Learned a level 1 spell: Foxfire
  2366 | D:3      | Reached XP level 4. HP: 25/25 MP: 10/13
  2417 | D:3      | Noticed an ogre
  2423 | D:3      | Killed an ogre
  2424 | D:3      | Reached skill level 6 in Spellcasting
  2424 | D:3      | Reached XP level 5. HP: 29/29 MP: 5/15
  2837 | D:3      | Found Ezaockua's Weapon Shop.
  3052 | D:4      | Noticed Ijyb
  3189 | D:4      | Killed Ijyb
  3359 | D:4      | Found a burning altar of Makhleb.
  3396 | D:4      | Reached skill level 1 in Fire Magic
  3434 | D:4      | Noticed Robin
  3439 | D:4      | Killed Robin
  3686 | D:4      | Found a staircase to the Ecumenical Temple.
  3701 | Temple   | Entered the Ecumenical Temple
  4281 | D:4      | Reached skill level 1 in Air Magic
  4480 | D:4      | Reached skill level 1 in Poison Magic
  4480 | D:4      | Reached XP level 6. HP: 22/34 MP: 10/17
  4687 | D:5      | Entered Level 5 of the Dungeon
  4687 | D:5      | Found a transporter.
  4699 | D:5      | Reached skill level 7 in Spellcasting
  4699 | D:5      | Reached skill level 1 in Evocations
  4766 | D:5      | Found a transporter.
  4766 | D:5      | Noticed Esekla's ghost (weakling OpDe)
  5056 | D:5      | Noticed a water moccasin
  5061 | D:5      | Killed a water moccasin
  5062 | D:5      | Reached XP level 7. HP: 38/38 MP: 14/20
  5197 | D:5      | Reached skill level 8 in Spellcasting
  5335 | D:5      | Noticed Grinder
  5341 | D:5      | Paralysed by Grinder for 5 turns
  5342 | D:5      | Killed Grinder
  5639 | D:5      | Reached XP level 8. HP: 31/44 MP: 17/22
  5735 | D:5      | Reached skill level 9 in Spellcasting
  5852 | D:5      | Reached skill level 5 in Conjurations
  6127 | D:5      | Killed Esekla's ghost
  6347 | D:6      | Reached skill level 10 in Spellcasting
  6448 | D:6      | Found a glowing drain.
  6462 | Sewer    | Entered a sewer
  7179 | D:6      | Reached XP level 9. HP: 48/48 MP: 22/25
  7230 | D:6      | Reached skill level 5 in Fire Magic
  7238 | D:6      | Reached skill level 11 in Spellcasting
  7366 | D:6      | Noticed a boulder beetle
  7442 | D:6      | Mangled by a boulder beetle

Illustrated notes

Levels and vault maps discovered:
D:1:      minmay_arrival_stone_box, layout_loops_ring, minmay_distorted
D:2:      layout_basic, shapermc_ecumenical_altar_rom_forum, basic_altar
D:3:      cheibrodos_helix_gallery, layout_loops_ring, serial_shops, shop
D:4:      layout_basic, bloody_makhleb, minmay_temple_entry_glass,
          minmay_crystal_room, uniq_ijyb, uniq_robin
D:5:      minmay_chambers_of_threes, layout_gridville, gammafunk_ghost_arena,
          uniq_grinder
D:6:      cheibrodos_fzero, layout_basic, portal_sewer_entry_b
Temple:   compressed_dpeg_triangle_lava_temple

Skill      XL: |  1  2  3  4  5  6  7  8  9 |
---------------+----------------------------+-----
Spellcasting   | 5 6 7 8 10 11 | 11.1
Fighting       | 1 2 |  2.5
Conjurations   | 2 3 4 5 6 |  6.0
Armour         | 1 3 |  3.0
Dodging        | 3 |  3.0
Stealth        | 3 |  3.1
Fire Magic     | 1 2 3 4 5 |  5.2
Air Magic      | 1 |  1.0
Poison Magic   | 1 |  1.0
Evocations     | 1 |  1.0
Summonings     | |  1.1
Translocations | |  1.1

Action                     |  1- 3 |  4- 6 |  7- 9 || total
---------------------------+-------+-------+-------++-------
  Melee: Dagger            |     6 |    26 |       ||    32
         Flail             |       |       |    33 ||    33
   Cast: Magic Dart        |   102 |     7 |     5 ||   114
         Foxfire           |    15 |   116 |   155 ||   286
         Mephitic Cloud    |       |     7 |    10 ||    17
         Call Imp          |       |     1 |     2 ||     3
         Blink             |       |       |     3 ||     3
   Stab: Confused          |       |     2 |       ||     2
 Armour: Robe              |     3 |    10 |    19 ||    32
  Dodge: Dodged            |    18 |    26 |    59 ||   103

Table legend: (Time is in decaauts)
 A = Elapsed time spent in this place.
 B = Non-inter-level travel time spent in this place.
 C = Inter-level travel time spent in this place.
 D = Time resting spent in this place.
 E = Time spent auto-exploring this place.
 F = Levels seen in this place.
 G = Mean time per level.
                   A        B        C        D        E       F      G
               +--------+--------+--------+--------+--------+-----+--------+
         Total |   7514 |   7292 |    222 |    444 |   5444 |   8 |  939.2 |
       Dungeon |   6695 |   6492 |    203 |    444 |   4803 |   6 | 1115.8 |
        Temple |    236 |    217 |     19 |      0 |    208 |   1 |  236.0 |
         Sewer |    581 |    581 |      0 |      0 |    432 |   1 |  581.0 |
               +--------+--------+--------+--------+--------+-----+--------+

Top non-repeatable levels by time:
     D:5: 1524 daAuts
     D:1: 1386 daAuts
     D:4: 1299 daAuts
     D:3: 997 daAuts
     D:2: 766 daAuts
     D:6: 721 daAuts
   Sewer: 581 daAuts
  Temple: 236 daAuts
